 Dungeon Crawl Stone Soup version 0.25.1-2-g60ff931df9 (webtiles) character file.

Game seed: 8533143730920242469

2949 ew1980 the Fighter (level 9, -5/97 HPs)
             Began as an Ogre Berserker on Nov 12, 2020.
             Was an Elder of Trog.
             Slain by a killer bee (7 damage)
             ... on level 7 of the Dungeon.
             The game lasted 00:17:01 (9254 turns).

ew1980 the Fighter (Ogre Berserker)                 Turns: 9254, Time: 00:17:02

Health: -5/97      AC:  5    Str: 26    XL:     9   Next: 81%
Magic:  9/9        EV: 12    Int: 14    God:    Trog [****..]
Gold:   346        SH:  0    Dex:  8    Spells: 8/8 levels left

rFire    . . .     SeeInvis .   B - +2 flail (protect)
rCold    . . .     Gourm    .   (no shield)
rNeg     . . .     Faith    .   b - +0 animal skin
rPois    .         Spirit   .   t - +2 hat
rElec    .         Reflect  .   (no cloak)
rCorr    +         Harm     .   (gloves unavailable)
MR       .....                  (boots unavailable)
Stlth    +.........             (no amulet)
HPRegen  0.26/turn              x - ring of resist corrosion
MPRegen  0.11/turn              m - +6 ring of intelligence

@: berserk cooldown, slowed, very slow
A: large, unfitting armour, tough skin 1
a: Berserk, Trog's Hand, Brothers in Arms, Renounce Religion


You were on level 7 of the Dungeon.
You worshipped Trog.
Trog was greatly pleased with you.
You were not hungry.

You visited 2 branches of the dungeon, and saw 8 of its levels.

You collected 346 gold pieces.

Inventory:

Hand Weapons
 a - a +2 whip of electrocution
 k - a +0 giant spiked club
 B - a +2 flail of protection (weapon)
Missiles
 n - 7 curare-tipped darts
 u - 5 javelins
 A - 3 poisoned darts (quivered)
Armour
 b - a +0 animal skin (worn)
 t - a +2 hat (worn)
Jewellery
 m - a +6 ring of intelligence (right hand)
 x - a ring of resist corrosion (left hand)
Wands
 h - a wand of clouds (2)
 l - a wand of enslavement (9)
 s - a wand of flame (10)
Scrolls
 e - 4 scrolls of immolation
 i - a scroll of remove curse
 p - a scroll of fog
Potions
 d - a potion of invisibility
 f - 3 potions of curing
 g - 4 potions of flight
 j - a potion of degeneration
 o - 2 potions of stabbing
 q - a potion of mutation
 r - a potion of heal wounds
 v - 2 potions of lignification
 z - 2 potions of resistance
Comestibles
 c - 11 rations


   Skills:
 + Level 8.7 Fighting
 * Level 8.2 Maces & Flails
 + Level 5.7 Throwing
 + Level 6.0 Dodging


You had 8 spell levels left.
You didn't know any spells.
Your spell library was empty.

Dungeon Overview and Level Annotations

Branches:
Dungeon (7/15)             Temple (1/1) D:7

Altars:
Ashenzari
Cheibriados
Dithmenos
Elyvilon
Fedhas
Gozag
Hepliaklqana
Kikubaaqudgha
Makhleb
Nemelex Xobeh
Okawaru
Qazlal
Ru
Sif Muna
Trog
Uskayaw
Vehumet
Wu Jian
Xom
Yredelemnul
Zin
The Shining One

Shops:
D:5 !


Innate Abilities, Weirdness & Mutations

You are too large for most types of armour.
You have tough skin. (AC +1)


Message History

The killer bee stings you. The killer bee stings you!
You are poisoned.
The killer bee poisons you!
As you read the scroll of fog, it crumbles to dust.
The scroll dissolves into smoke.
You feel sick. The killer bee stings you!
* * * LOW HITPOINT WARNING * * *
The killer bee barely misses you. The killer bee closely misses you.
The killer bee barely misses you. The killer bee stings you.
* * * LOW HITPOINT WARNING * * *
The killer bee closely misses you.
You feel sick. The killer bee barely misses you. x2
You feel sick. The killer bee stings you.
* * * LOW HITPOINT WARNING * * *
The killer bee stings you.
* * * LOW HITPOINT WARNING * * *
You see here a +0 robe.
You feel better. The killer bee stings you!
* * * LOW HITPOINT WARNING * * *
The killer bee misses you. The killer bee stings you!
You die...

###
#.############
#..@yy§§......
#.####§§......
#.# #§#######
#.# #.# #.#
#.# ## #.# #.#
.# #.# #(. .#
#.# ###. .#
#.#


h5 You could see 2 killer bees.

Vanquished Creatures
  Pikel (D:7)
  Grinder (D:5)
  Edmund (D:5)
  An orc warrior (D:6)
  Purgy (D:3)
  2 ice beasts
  3 black bears
  2 slaves (D:7)
  2 ogres
  2 centaurs (D:6)
  2 bullfrogs (D:6)
  2 scorpions
  6 killer bees (D:7)
  2 hounds
  A bullfrog skeleton (D:6)
  A jelly (D:6)
  3 orc priests (D:6)
  A centaur skeleton (D:5)
  Jessica (D:3)
  An iguana (D:5)
  6 worker ants
  A hound zombie (D:6)
  A hound skeleton (D:6)
  6 gnolls
  A howler monkey skeleton (D:5)
  9 adders
  2 shadow imps
  An ooze (D:3)
  An adder skeleton (D:5)
  3 worms
  6 leopard geckos
  7 orcs
  7 giant cockroaches
  3 hobgoblins
  15 jackals
  6 kobolds
  3 quokkas (D:3)
  2 ball pythons
  6 bats
  5 frilled lizards
  17 goblins
  9 rats
153 creatures vanquished.

Vanquished Creatures (others)
  2 slaves (D:7)
2 creatures vanquished.

Grand Total: 155 creatures vanquished

Notes
Turn   | Place    | Note
-------+----------+-------------------------------------------
     0 | D:1      | ew1980 the Ogre Berserker began the quest for the Orb.
     0 | D:1      | Reached XP level 1. HP: 24/24 MP: 1/1
   714 | D:1      | Reached XP level 2. HP: 32/32 MP: 2/2
  1431 | D:2      | Reached ** piety under Trog
  1431 | D:2      | Reached XP level 3. HP: 36/40 MP: 3/3
  1495 | D:2      | Reached skill level 1 in Throwing
  1947 | D:2      | Reached XP level 4. HP: 30/49 MP: 4/4
  3099 | D:3      | Noticed Jessica
  3107 | D:3      | Killed Jessica
  3107 | D:3      | Reached XP level 5. HP: 53/55 MP: 5/5
  3220 | D:3      | Reached *** piety under Trog
  3289 | D:3      | Noticed Purgy
  3305 | D:3      | Killed Purgy
  3305 | D:3      | Reached skill level 5 in Fighting
  3305 | D:3      | Reached XP level 6. HP: 38/66 MP: 6/6
  4341 | D:4      | Found an iron altar of Okawaru.
  4877 | D:5      | Entered Level 5 of the Dungeon
  4877 | D:5      | Noticed Edmund
  4888 | D:5      | Killed Edmund
  4888 | D:5      | Reached skill level 5 in Maces & Flails
  4888 | D:5      | Reached XP level 7. HP: 56/74 MP: 7/7
  5226 | D:5      | Noticed Grinder
  5255 | D:5      | Killed Grinder
  5420 | D:5      | Reached XP level 8. HP: 69/84 MP: 8/8
  5754 | D:5      | Found Rejyzaso's Distillery.
  6259 | D:6      | Found a basalt altar of Yredelemnul.
  6629 | D:6      | Reached skill level 5 in Dodging
  6938 | D:6      | Reached **** piety under Trog
  7203 | D:6      | Reached XP level 9. HP: 83/93 MP: 9/9
  7882 | D:6      | Reached skill level 5 in Throwing
  8514 | D:7      | Found a staircase to the Ecumenical Temple.
  8757 | Temple   | Entered the Ecumenical Temple
  9208 | D:7      | Noticed Pikel
  9228 | D:7      | Killed Pikel
  9253 | D:7      | HP: 3/97 [killer bee (4)]
  9254 | D:7      | Slain by a killer bee

Illustrated notes

Levels and vault maps discovered:
D:1:      saegor_arrival_simple_e, layout_basic, minmay_hexomino_c4
D:2:      kb_forest_paths, layout_basic
D:3:      layout_loops_corners, first_ration, st_stairs_10,
          minmay_strange_pillars, minivault_4, uniq_purgy, uniq_jessica
D:4:      layout_cave_pools, lemuel_round_altar
D:5:      layout_loops_corners, serial_shops, kennysheep_little_box,
          chequers_serial_rivers_large_b, uniq_grinder, uniq_edmund
D:6:      layout_basic, basic_altar, minmay_diced_spiral
D:7:      layout_basic, minmay_temple_entry_hall, serial_shops, shop, uniq_pikel
Temple:   nicolae_temple_the_god_donut

Skill      XL: |  1  2  3  4  5  6  7  8  9 |
---------------+----------------------------+-----
Maces & Flails | 3 4 5 7 8 |  8.2
Throwing       | 1 2 3 4 5 |  5.7
Dodging        | 3 4 5 6 |  6.0
Fighting       | 5 6 7 8 |  8.7

Action                   |  1- 3 |  4- 6 |  7- 9 || total
-------------------------+-------+-------+-------++-------
Melee: Mace              |    97 |   138 |       ||   235
       Flail             |       |    57 |   290 ||   347
Throw: Dart              |       |     2 |    40 ||    42
Invok: Berserk           |       |     1 |     3 ||     4
Evoke: Wand              |       |       |     2 ||     2
  Use: Scroll            |       |       |    20 ||    20
       Potion            |       |       |     3 ||     3
  Eat: Chunk             |     3 |    11 |     6 ||    20
       Ration            |       |       |     3 ||     3
Armor: Animal skin       |    47 |    70 |   132 ||   249
Dodge: Dodged            |    78 |   129 |   212 ||   419
